AoeStats
← S2. Batman, pero pelado

African Clearing

506236832Analyzed
3v3 RM · 20d ago on Sep 12, 2026· 41m 36s· 6 players
Game mode
Random Map
Map size
Normal (6 player)
Population
200
Speed
Normal
Resources
Standard
Victory
Conquest
Starting age
Dark Age
Ending age
Imperial Age
RankedLock teamsTeams togetherTeam positionsShared explorationLock speedFull tech treeHidden civsTurbo modeCheats
Victory
Defeat
🇦🇷 Malians · Argentina
1612
+8
🇦🇷 Bohemians · Argentina
1481
+13
🇦🇷 Italians · Argentina
1426
+14
🇩🇪 Berbers · Germany
1431
-13
🇺🇸 Koreans · United States
1427
-12
🇫🇷 Sicilians · France
1369
-10
Zilchland
2:56 Loom
13:29 Feudal Age
18:11 Castle Age
17:01 Fletching
PiroNoSkill
11:24 Loom
13:24 Feudal Age
17:50 Castle Age
15:57 Town Watch
16:47 Wheelbarrow
16:04 Double-Bit Axe
15:59 Horse Collar
18:13 Scale Barding Armor
18:22 Forging
29:53 Chain Barding Armor
29:47 Bloodlines
34:04 Scale Mail Armor
39:53 Imperial Age
38:48 Chain Mail Armor
40:41 Wheelbarrow
PanicWaller
7:24 Loom
13:35 Feudal Age
17:29 Castle Age
17:11 Double-Bit Axe
19:01 Bow Saw
21:37 Town Watch
24:45 Horse Collar
27:30 Bloodlines
27:22 Fletching
27:47 Padded Archer Armor
29:03 Wheelbarrow
30:33 Ballistics
30:24 Masonry
34:37 Imperial Age
32:13 Gold Mining
32:13 Stone Mining
33:07 Bodkin Arrow
34:04 Hand Cart
35:30 Bracer
38:02 Chemistry
37:11 Thumb Ring
38:24 Conscription
39:23 Husbandry
40:59 Gold Shaft Mining
40:00 Elite Camel Archer
40:15 Light Cavalry
41:21 Leather Archer Armor
41:11 Scale Barding Armor
41:17 Forging
Bill Order
11:37 Feudal Age
12:05 Double-Bit Axe
12:59 Horse Collar
13:44 Loom
20:05 Wheelbarrow
20:54 Scale Barding Armor
24:30 Castle Age
23:26 Forging
24:42 Bloodlines
24:55 Gold Mining
25:35 Chain Barding Armor
25:38 Bow Saw
29:27 Husbandry
32:22 Stone Mining
33:21 Gold Shaft Mining
32:34 Town Watch
37:34 Imperial Age
37:28 Scale Mail Armor
37:30 Squires
37:38 Heavy Camel Rider
38:54 Plate Barding Armor
39:42 Chain Mail Armor
40:51 Elite Gbeto
S2. Batman, pero pelado
3:33 Loom
5:48 Loom
12:21 Feudal Age
16:18 Castle Age
14:24 Double-Bit Axe
17:49 Bow Saw
18:58 Chemistry
22:50 Town Watch
23:21 Fletching
23:35 Padded Archer Armor
34:06 Wheelbarrow
34:17 Wagenburg Tactics
36:26 Fletching
_YuX_
9:20 Loom
12:16 Feudal Age
16:07 Castle Age
22:52 Fletching
25:38 Wheelbarrow
25:15 Bodkin Arrow
26:29 Padded Archer Armor
28:08 Leather Archer Armor
29:10 Ballistics
30:03 Masonry
31:04 Horse Collar
34:42 Hand Cart
34:15 Town Watch
37:49 Imperial Age
37:05 Double-Bit Axe
38:42 Bracer
39:48 Chemistry
40:22 Ring Archer Armor
40:46 Architecture
Connection lost

Rejoining the realm…

Still unreachable

The connection could not be restored.

Session expired

The server has moved on; the page needs a fresh start.